 Dungeon Crawl Stone Soup version 0.28.0-47-ge53b351184 (webtiles) character file.

Game seed: 7583577472301966610

7865 Allula97 the Fighter (level 11, -7/89 HPs)
             Began as a Demonspawn Fighter on May 4, 2022.
             Was a Priest of Nemelex Xobeh.
             Mangled by an orc knight
             ... wielding a +0 war axe
              (12 damage)
             ... while paralysed by an orc sorcerer
             ... in a bailey.
             The game lasted 00:34:05 (11891 turns).

Allula97 the Fighter (Demonspawn Fighter)          Turns: 11891, Time: 00:34:06

Health: -7/89      AC: 11    Str: 23    XL:     11   Next: 2%
Magic:  0/17       EV:  2    Int: 12    God:    Nemelex Xobeh [***...]
Gold:   61         SH:  0    Dex: 11    Spells: 11/18 levels left

rFire   + . .      SeeInvis +   k - +4 long sword "Ynawim" {vorpal, Str+6 Dex-3}
rCold   + + .      Faith    .   (no shield)
rNeg    . . .      Spirit   +   b - +0 scale mail
rPois   .          Reflect  .   j - +0 helmet
rElec   .          Harm     .   o - scarf {rC+ rF+}
rCorr   .          Rampage  .   (gloves unavailable)
Will    .....                   i - +0 pair of boots
Stlth   +.........              t - amulet "Soqy" {Spirit rC+ Stlth+}
HPRegen 0.24/turn               A - ring of see invisible
MPRegen 0.15/turn               h - +4 ring of slaying

@: paralysed, mighty
A: demonic guardian 3, demonic magic 1, demonic touch 3
a: Renounce Religion, Draw Escape, Draw Destruction, Draw Summoning, Triple Draw


You were in a bailey.
You worshipped Nemelex Xobeh.
Nemelex Xobeh was most pleased with you.
You visited 1 branch of the dungeon, and saw 10 of its levels.
You also visited: Ossuary and Bailey.

You collected 601 gold pieces.
You spent 540 gold pieces at shops.

Inventory:

Hand Weapons
 a - a +1 long sword
 k - the +4 long sword "Ynawim" (weapon) {vorpal, Str+6 Dex-3}
   (You found it on level 2 of the Dungeon)

   It inflicts extra damage upon your enemies.
   Str:       It affects your strength (+6).
   Dex:       It affects your dexterity (-3).
Missiles
 q - 6 silver boomerangs (quivered)
Armour
 b - a +0 scale mail (worn)
 i - a +0 pair of boots (worn)
 j - a +0 helmet (worn)
 o - a scarf of resistance (worn)
Magical Staves
 G - a staff of conjuration
Jewellery
 c - a ring of flight
 f - a ring of fire
 h - a +4 ring of slaying (right hand)
 m - a ring of magical power
 t - the amulet "Soqy" (around neck) {Spirit rC+ Stlth+}
   (You acquired it in a bailey)

   [amulet of guardian spirit]

   It causes incoming damage to be divided between your reserves of health and
   magic.
   rC:        It protects you from cold.
   Stlth:     It makes you more stealthy.
 A - a ring of see invisible (left hand)
 D - a +6 ring of strength
 E - a ring of magical power
 F - a ring of wizardry
 J - an amulet of faith
Wands
 l - a wand of flame (31)
Scrolls
 d - 7 scrolls of teleportation
 e - a scroll of brand weapon
 s - 3 scrolls of fear
 w - 3 scrolls of enchant armour {unknown}
 y - 2 scrolls of enchant weapon
 B - a scroll of fog {unknown}
 C - 3 scrolls of noise
 K - a scroll of blinking
Potions
 g - a potion of lignification {unknown}
 p - a potion of mutation {unknown}
 r - 2 potions of magic {unknown}
 u - a potion of haste
 x - 2 potions of ambrosia {unknown}
 z - a potion of might
 I - a potion of invisibility {unknown}


   Skills:
 * Level 9.2 Fighting
 - Level 2.0 Long Blades
 + Level 1.0 Staves
 * Level 9.0 Armour
 * Level 4.9 Dodging
 + Level 1.4 Stealth
 - Level 2.8 Shields
 * Level 4.3 Unarmed Combat
 * Level 4.0 Spellcasting
 + Level 1.1 Necromancy
 * Level 3.9 Transmutations
 * Level 5.9 Invocations


You had 11 spell levels left.
You knew the following spells:

 Your Spells              Type           Power      Damage    Failure   Level
a - Wereblood             Tmut           11%        N/A       14%         2
b - Blade Hands           Tmut           5%         N/A       95%         5

Your spell library contained the following spells:

 Spells                   Type           Power      Damage    Failure   Level
 Sublimation of Blood     Necr           5%         N/A       43%         2
 Corpse Rot               Necr/Air       6%         N/A       52%         2
 Gell's Gravitas          Tloc           2%         N/A       82%         3
 Teleport Other           Tloc           2%         N/A       82%         3
 Dispel Undead            Necr           5%         3d7       97%         4
 Animate Armour           Summ/Erth      4%         N/A       99%         4
 Death Channel            Necr           2%         N/A       100%        6
 Dispersal                Tloc           1%         N/A       100%        6
 Iron Shot                Conj/Erth      1%         9d1       100%        6
 Summon Hydra             Summ           1%         N/A       100%        7


Dungeon Overview and Level Annotations

Branches:
Dungeon (10/15)            Temple (0/1) D:5             Orc (0/2) D:10
Ossuary (visited)          Bailey (1/1)
   Lair: D:8-11

Altars:
Ashenzari
Cheibriados
Dithmenos
Elyvilon
Gozag
Makhleb
Nemelex Xobeh
Okawaru
Ru
Trog
Uskayaw
Wu Jian
Zin

Shops:
D:3 *   D:8 :


Innate Abilities, Weirdness & Mutations

A powerful demonic guardian rushes to your aid.
Spells you cast may paralyse adjacent enemies.
Your touch may irresistibly damage your foes and sap their willpower.


Message History

There is an open door here.
You catch the helpless orc sorcerer completely off-guard!
You hit the orc sorcerer.
The orc sorcerer is lightly wounded.
The orc sorcerer hits you with a +4 flail of protection!
You hit the orc sorcerer.
You punch the orc sorcerer, but do no damage.
The orc sorcerer is moderately wounded.
The orc sorcerer hits you with a +4 flail of protection!
The orc knight hits you with a +0 war axe!
The orc sorcerer barely misses you.
Throw: 6 boomerangs (silver)
Press: ? - help, Q - select action, (/) - cycle Shift-Dir - straight line, f - orc knight
Aim: an orc knight, wielding a +0 war axe and wearing the +3 robe of the Tick {rN+ Will+ Int+5 Dex+3} (56% to hit)
You throw a silver boomerang.
The silver boomerang hits the orc knight.
The orc knight is lightly wounded.
The orc knight drinks a potion.
The orc knight seems to speed up.
The orc knight hits you with a +0 war axe!
There is an open door, spattered with blood here.
You see here a +0 scale mail.
The orc knight hits you with a +0 war axe!!
There is an open door, spattered with blood here.
The orc knight hits you but does no damage.
You feel much better. The orc knight barely misses you.
You feel very mighty all of a sudden.
The orc knight hits you with a +0 war axe!!
A demonic guardian appears!
The orc sorcerer gestures at you while chanting.
You suddenly lose the ability to move!
The orc sorcerer no longer looks unusually strong.
The orc knight hits you with a +0 war axe!!
* * * LOW HITPOINT WARNING * * *
The orc sorcerer gestures at you while chanting.
You resist with significant effort.
The orc knight hits you with a +0 war axe.
* * * LOW HITPOINT WARNING * * *
The orc knight hits you with a +0 war axe!
You die...
Your body glows slightly and disappears.

≈≈≈≈≈≈#....#o).#...#...#....#≈
≈≈≈≈≈≈#....#)).#...#...#....#≈
≈≈≈≈≈≈#'#'##'###8.8###'##'#'#≈
≈≈≈≈≈≈≈.#..#...#...# .#..#.≈≈
≈≈≈≈≈≈≈.#..###'#8.8# ##..#.≈≈
≈≈≈≈≈≈≈.#..#[[.#...# #..#)4≈
≈≈≈≈≈≈≈.#..#o[.#...# ..#[)#.≈≈
≈≈≈≈≈≈≈.#..#'####)####'#))#.≈≈
≈≈≈≈≈≈≈.##'#o@3........#)##.≈≈
≈≈≈≈≈≈≈.#))#....._.....#.)#.≈≈
≈≈≈≈≈≈≈.#)8#...........#8.#.≈≈
≈≈≈≈≈≈≈.#..#...........#..#.≈≈
≈≈≈≈≈≈≈.#.8#############8)#.≈≈
≈≈≈≈≈≈≈.#.)...#######.....#.≈≈
≈≈≈≈≈≈≈.#)8...#.....#.".8.#.≈≈
≈≈≈≈≈≈≈.#.).))#.....#))...#
≈≈≈≈≈≈#'####..#..⌠..#..####


You could see an orc knight (fast, ally target), an orc sorcerer and a friendly
soul eater (summoned).

Vanquished Creatures
  An eye of devastation (D:5)
  A kobold demonologist (Bailey)
  A meliai (Bailey)
  6 yaks
  A water moccasin (D:9)
  2 ice beasts
  10 orc warriors
  2 sky beasts
  5 necrophages
  A black bear (D:6)
  A centaur (D:8)
  2 ogres
  2 phantoms
  A boggart (Bailey)
  A kobold brigand (D:9)
  2 bullfrogs
  A gnoll sergeant (D:9)
  6 scorpions
  2 wyvern zombies
  A water moccasin zombie (D:6)
  2 water moccasin skeletons
  8 wights
  6 electric eels (Bailey)
  A howler monkey (D:8)
  2 centaur zombies
  A centaur skeleton (D:7)
  2 hounds
  An orc priest (D:7)
  4 jellies
  A bullfrog skeleton (D:7)
  A gnoll shaman (D:9)
  7 iguanas
  7 orc wizards
  Natasha (thrice) (D:2)
  3 mummies
  Robin (D:4)
  A howler monkey skeleton (D:3)
  10 gnolls
  3 adders
  A river rat (Bailey)
  2 white imps
  2 ufetubi (D:6)
  5 adder zombies (Ossuary)
  2 adder skeletons
  A worm (D:3)
  2 dart slugs
  40 orcs
  5 endoplasms
  5 giant cockroaches
  3 gnoll zombies (Ossuary)
  23 goblins
  14 hobgoblins
  2 jackals (D:3)
  6 kobolds
  2 quokkas
  6 ball pythons
  8 bats
  6 frilled lizards
  2 hobgoblin zombies (Ossuary)
  11 kobold zombies (Ossuary)
  4 orc zombies (Ossuary)
  4 rats
269 creatures vanquished.

Vanquished Creatures (collateral kills)
  The ghost of hitsuchi the Quickloader, a novice KoAM of Okawaru (D:5)
  A yak (D:9)
  2 orc warriors
  A gnoll (D:9)
  2 orcs
  A goblin (Bailey)
8 creatures vanquished.

Grand Total: 277 creatures vanquished

Notes
Turn   | Place    | Note
-------+----------+-------------------------------------------
     0 | D:1      | Allula97 the Demonspawn Fighter began the quest for the
                  | Orb.
     0 | D:1      | Reached XP level 1. HP: 18/18 MP: 1/1
   187 | D:1      | Gained mutation: Your touch may inflict minor irresistible
                  | damage on your foes. [demonic ancestry]
   187 | D:1      | Reached XP level 2. HP: 21/24 MP: 2/2
   256 | D:1      | Found a faded altar of an unknown god.
   273 | D:1      | Prayed at the altar of an unknown god.
   273 | D:1      | Became a worshipper of Nemelex Xobeh the Trickster
   273 | D:1      | Reached * piety under Nemelex Xobeh
   273 | D:1      | Received a gift from Nemelex Xobeh
   703 | D:2      | Gained mutation: Spells you cast may paralyse adjacent
                  | enemies. [demonic ancestry]
   703 | D:2      | Reached XP level 3. HP: 20/29 MP: 3/3
  1155 | D:2      | Noticed Natasha
  1168 | D:2      | Killed Natasha
  1169 | D:2      | Gained mutation: A weak demonic guardian rushes to your
                  | aid. [demonic ancestry]
  1169 | D:2      | Reached XP level 4. HP: 18/35 MP: 4/4
  1409 | D:2      | Identified the +4 long sword "Ynawim" {vorpal, Str+6 Dex-3}
  1561 | D:2      | Reached ** piety under Nemelex Xobeh
  1859 | D:2      | Noticed Natasha
  1863 | D:2      | Killed Natasha
  1864 | D:2      | Reached skill level 1 in Unarmed Combat
  1864 | D:2      | Reached skill level 1 in Invocations
  1916 | D:2      | Noticed Natasha
  1922 | D:2      | Killed Natasha
  2003 | D:3      | Gained mutation: Your touch may inflict irresistible damage
                  | on your foes. [demonic ancestry]
  2003 | D:3      | Reached XP level 5. HP: 28/42 MP: 4/6
  2013 | D:3      | Reached skill level 1 in Spellcasting
  2286 | D:3      | Reached skill level 1 in Staves
  2286 | D:3      | Reached skill level 1 in Dodging
  2286 | D:3      | Reached skill level 1 in Necromancy
  2318 | D:3      | Found Ehegg's General Store.
  2533 | D:3      | Reached XP level 6. HP: 45/48 MP: 7/7
  2932 | D:3      | Received a gift from Nemelex Xobeh
  3236 | D:4      | Noticed Robin
  3268 | D:4      | Killed Robin
  3567 | D:4      | Gained mutation: Your touch may irresistibly damage your
                  | foes and sap their willpower. [demonic ancestry]
  3567 | D:4      | Reached XP level 7. HP: 54/54 MP: 9/9
  3647 | D:4      | Reached skill level 5 in Armour
  3647 | D:4      | Reached skill level 1 in Transmutations
  3657 | D:4      | Found a sparkling altar of Nemelex Xobeh.
  3716 | D:4      | Found a shadowy altar of Dithmenos.
  3877 | D:4      | Found a broken altar of Ashenzari.
  3906 | D:5      | Entered Level 5 of the Dungeon
  4005 | D:5      | Found a sand-covered staircase.
  4158 | Ossuary  | Entered an ossuary
  4335 | D:5      | Reached XP level 8. HP: 59/61 MP: 11/11
  4393 | D:5      | Found a staircase to the Ecumenical Temple.
  4434 | D:5      | Reached skill level 5 in Fighting
  4519 | D:5      | Reached *** piety under Nemelex Xobeh
  4520 | D:5      | Received a gift from Nemelex Xobeh
  4536 | D:5      | Noticed a two-headed ogre
  4539 | D:5      | Noticed an eye of devastation
  4539 | D:5      | a two-headed ogre changed into an eye of devastation
  4542 | D:5      | Killed an eye of devastation
  4661 | D:5      | Found a large runed translucent door.
  4661 | D:5      | Found a large runed translucent door.
  4667 | D:5      | Noticed hitsuchi's ghost (novice KoAM)
  4697 | D:5      | Killed hitsuchi's ghost
  5091 | D:6      | Learned a level 2 spell: Wereblood
  5147 | D:6      | Gained mutation: A demonic guardian rushes to your aid.
                  | [demonic ancestry]
  5147 | D:6      | Reached XP level 9. HP: 67/69 MP: 13/13
  5223 | D:6      | Received a gift from Nemelex Xobeh
  5280 | D:6      | Found a snail-covered altar of Cheibriados.
  5825 | D:7      | Found a bloodstained altar of Trog.
  5982 | D:7      | Paralysed by a hornet for 1 turns
  6281 | D:7      | Received a gift from Nemelex Xobeh
  6809 | D:8      | Found Gonty's Book Shoppe.
  6973 | D:8      | Reached **** piety under Nemelex Xobeh
  7400 | D:8      | Received a gift from Nemelex Xobeh
  7402 | D:8      | Found an iron altar of Okawaru.
  7410 | D:8      | Reached XP level 10. HP: 80/80 MP: 15/15
  7722 | D:8      | Reached skill level 5 in Invocations
  7986 | D:8      | Found a sacrificial altar of Ru.
  8132 | D:9      | Noticed an angel
  8298 | D:9      | Reached skill level 1 in Stealth
  8638 | D:9      | Found a hide-covered altar of Uskayaw.
  8638 | D:9      | Found a burning altar of Makhleb.
  8956 | D:9      | Found an ornate altar of the Wu Jian Council.
  8989 | D:9      | Found an opulent altar of Gozag.
  9672 | D:8      | Bought a book of Iron for 540 gold pieces
  9678 | D:8      | Learned a level 5 spell: Blade Hands
  9713 | D:10     | Entered Level 10 of the Dungeon
  9745 | D:10     | Found a flagged portal.
  9761 | Bailey   | Entered a bailey
 10351 | Bailey   | Noticed an orc knight
 10358 | Bailey   | an orc knight changed into a meliai
 10990 | Bailey   | Acquired the amulet "Soqy" {Spirit rC+ Stlth+}
 11145 | Bailey   | Noticed an orange demon
 11160 | Bailey   | Gained mutation: A powerful demonic guardian rushes to your
                  | aid. [demonic ancestry]
 11160 | Bailey   | Reached XP level 11. HP: 34/89 MP: 3/17
 11844 | Bailey   | Identified the +3 robe of the Tick {rN+ Will+ Int+5 Dex+3}
 11844 | Bailey   | Noticed an orc knight
 11852 | Bailey   | Found an iron altar of Okawaru.
 11878 | Bailey   | Noticed an orc sorcerer
 11889 | Bailey   | Paralysed by an orc sorcerer for 3 turns
 11891 | Bailey   | Mangled by an orc knight

Illustrated notes

Levels and vault maps discovered:
D:1:      dpeg_arrival_morbid_curiosity, layout_basic,
          ebering_ecumenical_altar_sacrificial
D:2:      wander_river, layout_basic, fountainhead, uniq_natasha
D:3:      kb_forest_paths, layout_loops_ring, serial_shops, shop
D:4:      layout_rooms, mainiacjoe_overflow_24_doors,
          nicolae_elyvilon_peaceful_grove, nemelex_xobeh_ov_fountains_minmay,
          mainiacjoe_overflow_alcove_2, serial_bayou_crossing, uniq_robin
D:5:      layout_basic, minmay_temple_entry_glass, enter_ossuary_2,
          ebering_ghost_disaster_area
D:6:      layout_gridville, slow_altar_2
D:7:      layout_cave_pools, trog_butcher_becter, minmay_misc_feat_x,
          st_stairs_6
D:8:      layout_layer_cave, nicolae_ru_path_of_blood,
          okawaru_altar_gauntlet_db, serial_shops, nicolae_take_the_stairs
D:9:      layout_loops_ring, zin_angel, mainiacjoe_overflow_big_doors,
          jmf_multi_god_temple, lemuel_old_faithful
D:10:     layout_layer_cave, orc_0_dummy, nicolae_trove_entry_free_sample,
          enter_bailey_5
Bailey:   bailey_axe_of_yendor_kennysheep, bailey

Skill      XL: |  1  2  3  4  5  6  7  8  9 10 |
---------------+-------------------------------+-----
Long Blades    | 2 |  2.0
Armour         | 3 4 5 6 7 9 |  9.0
Unarmed Combat | 1 2 3 4 |  4.3
Invocations    | 1 2 3 4 5 |  5.9
Spellcasting   | 1 2 3 4 |  4.0
Staves         | 1 |  1.0
Dodging        | 1 2 3 4 |  4.9
Necromancy     | 1 |  1.1
Fighting       | 4 6 8 9 |  9.2
Transmutations | 1 2 3 |  3.9
Stealth        | 1 |  1.4
Shields        | |  2.8

Action                   |  1- 3 |  4- 6 |  7- 9 | 10-12 || total
-------------------------+-------+-------+-------+-------++-------
Melee: Long sword        |    77 |   124 |   274 |   209 ||   684
       Touch             |     6 |    17 |    48 |    39 ||   110
       Punch             |       |     1 |     9 |     4 ||    14
Throw: Boomerang         |       |       |       |     3 ||     3
Invok: Draw Destruction  |       |     2 |     2 |     3 ||     7
       Triple Draw       |       |       |     1 |     1 ||     2
       Deal Four         |       |       |       |     1 ||     1
       Draw Escape       |       |       |       |     1 ||     1
  Use: Potion            |       |     2 |     1 |     9 ||    12
       Scroll            |       |       |    10 |     2 ||    12
 Stab: Distracted        |       |       |       |     2 ||     2
Armor: Scale mail        |    42 |    81 |   117 |    79 ||   319
Dodge: Dodged            |    40 |   101 |   159 |   138 ||   438
Block: Buckler           |     8 |       |       |       ||     8
